Get step-by-step instructions on how to execute this build order below. Start the game timer, and the build order will tick by so you can play in parallel with StarCraft on a second screen or mobile device.

Game Time

  0:00

Last Step

  N/A

Next Step

Upcoming Step



Don't want to look back and forth between 2 screens? Try out our Overwolf App, the Spawning Tool Build Advisor to get an in-game overlay with this build!

Complete Build Order

  12  0:01  Drone  
  13  0:08  Drone  
  14  0:20  Extractor  
  13  0:22  Extractor, Drone  
  13  0:23  Drone  
  16  0:31  Overlord  
  16  1:04  Drone x3  
  18  1:35  Drone x2  
  20  1:59  Spawning Pool  
  19  2:15  Overlord, Drone x2  
  21  2:30  Extractor